 Dungeon Crawl Stone Soup version 0.29-a0-284-gf9362112df (webtiles) character file.

Game seed: 11650619088634829051

74 PaleWalker the Chiller (level 4, -1/32 HPs)
             Began as a Gnoll Ice Elementalist on Mar 31, 2022.
             Slain by a goblin
             ... wielding a +0 dagger
              (2 damage)
             ... on level 2 of the Dungeon.
             The game lasted 00:05:11 (1829 turns).

PaleWalker the Chiller (Gnoll Ice Elementalist)     Turns: 1829, Time: 00:05:12

Health: -1/32      AC:  5    Str: 10    XL:     4   Next: 28%
Magic:  11/11      EV: 13    Int: 14    God:
Gold:   171        SH:  0    Dex: 12    Spells: 6/13 levels left

rFire   . . .      SeeInvis .   f - +0 hand axe
rCold   . . .      Faith    .   (no shield)
rNeg    . . .      Spirit   .   a - +0 robe
rPois   .          Reflect  .   k - +1 helmet
rElec   .          Harm     .   (no cloak)
rCorr   .          Rampage  .   (no gloves)
Will    .....                   i - +0 pair of boots
Stlth   ++........              (no amulet)
HPRegen 0.10/turn               (no ring)
MPRegen 0.12/turn               (no ring)

@: weak-willed
A: fangs 1, strong nose, distributed training
a: no special abilities


You were on level 2 of the Dungeon.
You visited 1 branch of the dungeon, and saw 2 of its levels.

You collected 171 gold pieces.

Inventory:

Hand Weapons
 f - a +0 hand axe (weapon)
Armour
 a - a +0 robe (worn)
 i - a +0 pair of boots (worn)
 k - a +1 helmet (worn)
Scrolls
 h - a scroll of vulnerability
Potions
 b - a potion of magic
 c - a potion of degeneration {unknown}
 d - 2 potions of might {unknown}
 g - a potion of berserk rage {unknown}
 j - 2 potions of mutation {unknown}


   Skills:
 + Level 1.1 Fighting
 + Level 1.1 Short Blades
 + Level 1.1 Long Blades
 + Level 1.1 Axes
 + Level 1.1 Maces & Flails
 + Level 1.1 Polearms
 + Level 1.1 Staves
 + Level 1.1 Slings
 + Level 1.1 Bows
 + Level 1.1 Crossbows
 + Level 1.1 Throwing
 + Level 1.1 Armour
 + Level 4.6 Dodging
 + Level 4.2 Stealth
 + Level 1.1 Shields
 + Level 1.1 Unarmed Combat
 + Level 5.0 Spellcasting
 + Level 0.8 Conjurations
 + Level 0.8 Hexes
 + Level 0.8 Summonings
 + Level 0.8 Necromancy
 + Level 0.8 Translocations
 + Level 0.8 Transmutations
 + Level 0.8 Fire Magic
 + Level 7.1 Ice Magic
 + Level 0.8 Air Magic
 + Level 0.8 Earth Magic
 + Level 0.8 Poison Magic
 + Level 1.2 Invocations
 + Level 1.1 Evocations


You had 6 spell levels left.
You knew the following spells:

 Your Spells              Type           Power      Damage    Failure   Level
a - Freeze                Ice            92%        1d10      1%          1
b - Frozen Ramparts       Ice            46%        1d6       2%          3
c - Ozocubu's Armour      Ice            23%        N/A       2%          3

Your spell library contained the following spells:

 Spells                   Type           Power      Damage    Failure   Level
 Hailstorm                Conj/Ice       14%        3d5       32%         4


Dungeon Overview and Level Annotations

Branches:
Dungeon (2/15)

Altars:

Annotations:
D:2 Sigmund


Innate Abilities, Weirdness & Mutations

You have very sharp teeth.
Your uncanny sense of smell can sniff out nearby items.
Your experience applies equally to all skills.


Message History

The goblin hits you but does no damage.
As you read the scroll labelled LUEPLI CIBESA, it crumbles to dust.
The creatures around you are filled with an inner flame!
It was a scroll of immolation.
The goblin barely misses you.
As you read the scroll labelled DAEMUE TUIJOON, it crumbles to dust.
It is a scroll of enchant armour.
Your +0 helmet glows green for a moment.
The goblin hits you but does no damage. The goblin attacks as you move away!
The goblin misses you. The goblin attacks as you move away!
The goblin hits you but does no damage. The goblin attacks as you move away!
The goblin barely misses you. The goblin attacks as you move away!
The goblin misses you. The goblin attacks as you move away!
The goblin hits you but does no damage. The goblin attacks as you move away!
The goblin hits you but does no damage. The goblin attacks as you move away!
The goblin barely misses you. The goblin attacks as you move away!
The goblin hits you with a +0 dagger.
* * * LOW HITPOINT WARNING * * *
The goblin attacks as you move away! The goblin hits you but does no damage.
Sigmund gestures at you while chanting.
You are confused.
There is a stone staircase leading down here.
You're too confused to move!
The goblin misses you. The goblin attacks as you move away!
The goblin hits you but does no damage. Sigmund gestures at you while chanting.
The puff of flame misses you. Sigmund closely misses you.
The goblin closely misses you. The quokka barely misses you.
You feel less confused. The goblin completely misses you.
Sigmund hits you from afar with a +0 scythe.
* * * LOW HITPOINT WARNING * * *
The quokka attacks as you move away! The quokka bites you.
* * * LOW HITPOINT WARNING * * *
The goblin's inner flame fades away.
The goblin attacks as you move away! The goblin hits you with a +0 dagger.
* * * LOW HITPOINT WARNING * * *
The quokka attacks as you move away! The quokka closely misses you.
The quokka bites you but does no damage.
The goblin attacks as you move away! The goblin hits you with a +0 dagger.
You die...

# #........##.#.# ########
#........##.#.# ##.....#
#........##.#.# ##.....#####
#........##.#.# .'....^'...#
#........##.#.# ##.....###.#
#........##.#.# ####### #.#
#........##r#@#
##########.#######'###.##.#.#
................@r.@...##.#.#
...............<.g...>....#.#
.######..#.###..##.###.####.#
.# ####.#......##.#.....@..#
.# #...........##.#.#.######
.# #......##..###.#.#.# .#
#......##....... #.# .#
#............... ... .#
#....#.#.....#.# #.#


You could see Sigmund, a quokka (inner flame, weak-willed) and a goblin
(weak-willed).

Vanquished Creatures
  Robin (D:2)
  3 adders (D:2)
  A dart slug (D:1)
  2 ball pythons
  An endoplasm (D:1)
  11 goblins
  6 hobgoblins
  2 quokkas (D:1)
  A bat (D:1)
  4 frilled lizards
  A kobold (D:1)
  2 rats (D:1)
35 creatures vanquished.

Notes
Turn   | Place    | Note
-------+----------+-------------------------------------------
     0 | D:1      | PaleWalker the Gnoll Ice Elementalist began the quest for
                  | the Orb.
     0 | D:1      | Reached XP level 1. HP: 13/13 MP: 6/6
   134 | D:1      | Reached XP level 2. HP: 19/19 MP: 5/7
   346 | D:1      | You fall into a shaft and drop 1 floor!
   892 | D:2      | Reached skill level 5 in Spellcasting
   892 | D:2      | Reached XP level 3. HP: 24/25 MP: 5/9
   896 | D:2      | Learned a level 3 spell: Frozen Ramparts
   900 | D:2      | Learned a level 3 spell: Ozocubu's Armour
  1015 | D:2      | Reached skill level 1 in Invocations
  1018 | D:2      | Reached skill level 1 in Fighting
  1018 | D:2      | Reached skill level 1 in Short Blades
  1018 | D:2      | Reached skill level 1 in Long Blades
  1018 | D:2      | Reached skill level 1 in Axes
  1018 | D:2      | Reached skill level 1 in Maces & Flails
  1018 | D:2      | Reached skill level 1 in Polearms
  1018 | D:2      | Reached skill level 1 in Staves
  1018 | D:2      | Reached skill level 1 in Slings
  1018 | D:2      | Reached skill level 1 in Bows
  1018 | D:2      | Reached skill level 1 in Crossbows
  1018 | D:2      | Reached skill level 1 in Throwing
  1018 | D:2      | Reached skill level 1 in Armour
  1018 | D:2      | Reached skill level 1 in Shields
  1018 | D:2      | Reached skill level 1 in Unarmed Combat
  1018 | D:2      | Reached skill level 1 in Evocations
  1147 | D:2      | Noticed Robin
  1161 | D:2      | Reached XP level 4. HP: 32/32 MP: 1/11
  1162 | D:2      | Killed Robin
  1480 | D:2      | Noticed Sigmund
  1828 | D:2      | HP: 1/32 [goblin/+0 dagger (2)]
  1829 | D:2      | Slain by a goblin

Illustrated notes

Levels and vault maps discovered:
D:1:      heliophobic_arrival_ceremonial_halls, layout_loops_cross
D:2:      layout_basic, uniq_robin, uniq_sigmund

Skill      XL: |  1  2  3 |
---------------+----------+-----
Spellcasting   | 5 |  5.0
Invocations    | 1 |  1.2
Fighting       | 1 |  1.1
Short Blades   | 1 |  1.1
Long Blades    | 1 |  1.1
Axes           | 1 |  1.1
Maces & Flails | 1 |  1.1
Polearms       | 1 |  1.1
Staves         | 1 |  1.1
Slings         | 1 |  1.1
Bows           | 1 |  1.1
Crossbows      | 1 |  1.1
Throwing       | 1 |  1.1
Armour         | 1 |  1.1
Shields        | 1 |  1.1
Unarmed Combat | 1 |  1.1
Evocations     | 1 |  1.1
Dodging        | |  4.6
Stealth        | |  4.2
Conjurations   | |  0.8
Hexes          | |  0.8
Summonings     | |  0.8
Necromancy     | |  0.8
Translocations | |  0.8
Transmutations | |  0.8
Fire Magic     | |  0.8
Ice Magic      | |  7.1
Air Magic      | |  0.8
Earth Magic    | |  0.8
Poison Magic   | |  0.8

Action                   |  1- 3 |  4- 6 || total
-------------------------+-------+-------++-------
Melee: Club              |     6 |       ||     6
       Hand axe          |    19 |    13 ||    32
       Bite              |     1 |       ||     1
 Cast: Freeze            |    22 |     4 ||    26
       Frozen Ramparts   |     3 |     2 ||     5
       Ozocubu's Armour  |     2 |     1 ||     3
  Use: Scroll            |       |     3 ||     3
 Stab: Sleeping          |     4 |       ||     4
Armor: Robe              |     7 |    17 ||    24
Dodge: Dodged            |    35 |    27 ||    62

Table legend: (Time is in decaauts)
 A = Elapsed time spent in this place.
 B = Non-inter-level travel time spent in this place.
 C = Inter-level travel time spent in this place.
 D = Time resting spent in this place.
 E = Time spent auto-exploring this place.
 F = Levels seen in this place.
 G = Mean time per level.
                   A        B        C        D        E       F      G
               +--------+--------+--------+--------+--------+-----+--------+
         Total |   1840 |   1792 |     48 |    115 |   1288 |   2 |  920.0 |
       Dungeon |   1840 |   1792 |     48 |    115 |   1288 |   2 |  920.0 |
               +--------+--------+--------+--------+--------+-----+--------+

Top non-repeatable levels by time:
     D:2: 960 daAuts
     D:1: 879 daAuts
